 Dungeon Crawl Stone Soup version 0.31-a0-267-g3fc6992b3b (webtiles) character file.

Game seed: 8425125359446844033

656 Maxis911 the Conjurer (level 7, -6/50 HPs)
             Began as a Demigod Conjurer on July 14, 2023.
             Mangled by Pikel
             ... wielding a +0 whip of freezing
              (7 damage)
             ... on level 5 of the Dungeon.
             The game lasted 00:51:37 (6116 turns).

Maxis911 the Conjurer (Demigod Conjurer)            Turns: 6116, Time: 00:51:43

Health: -6/50      AC:  2    Str:  8    XL:     7   Next: 8%
Magic:  10/17      EV: 17    Int: 28    God:
Gold:   334        SH:  0    Dex: 12    Spells: 11/14 levels left

rFire   . . .        n - +4 hand axe
rCold   . . .        (no shield)
rNeg    . . .        a - +0 robe
rPois   .            (no helmet)
rElec   .            (no cloak)
rCorr   +            (no gloves)
SInv    .            (no boots)
Will    .....        (no amulet)
Stlth   ++           c - +5 ring of evasion
HPRegen 0.28/turn    f - ring of resist corrosion
MPRegen 0.15/turn

%: no passive effects
@: lethally poisoned (-6 -> -9)
A: high MP 1, forlorn, divine attributes
a: no special abilities


You were on level 5 of the Dungeon.
You visited 2 branches of the dungeon, and saw 7 of its levels.

You collected 334 gold pieces.

Inventory:

Hand Weapons
 e - the +6 sling "Fasoles" {speed, Str+3 Stlth+}
   (You found it on level 4 of the Dungeon)

   Str:       It affects your strength (+3).
   Stlth:     It makes you more stealthy.
 n - a +4 hand axe (weapon)
 q - a +1 short sword of distortion
Missiles
 i - 22 poisoned darts
 s - 2 curare-tipped darts
 t - 6 boomerangs
Armour
 a - a +0 robe (worn)
Jewellery
 c - a +5 ring of evasion (left hand)
 f - a ring of resist corrosion (right hand)
Talismans
 k - a beast talisman
Scrolls
 g - a scroll of fear
 h - a scroll of immolation {unknown}
 l - a scroll of butterflies {unknown}
 m - a scroll of revelation
 o - a scroll of teleportation {unknown}
 v - a scroll of vulnerability {unknown}
 x - a scroll of identify
Potions
 b - 2 potions of magic
 d - 2 potions of lignification {unknown}
 j - 2 potions of might
 r - 2 potions of attraction {unknown}
 u - a potion of heal wounds {unknown}


   Skills:
 + Level 2.6 Dodging
 + Level 3.3 Stealth
 + Level 4.4 Spellcasting
 + Level 5.8 Conjurations


You had 11 spell levels left.
You knew the following spells:

 Your Spells              Type           Power      Damage    Failure   Level
a - Magic Dart            Conj           100%       1d8       1%          1
b - Searing Ray           Conj           78%        2d7       1%          2

Your spell library contained the following spells:

 Spells                   Type           Power      Damage    Failure   Level
 Dazzling Flash           Conj/Hex       44%        N/A       6%          3
 Sublimation of Blood     Necr           6%         N/A       11%         2
 Wereblood                Tmut           6%         N/A       11%         2
 Fulminant Prism          Conj/Hex       11%        3d8       22%         4
 Iskenderun's Mystic Bla  Conj/Tloc      22%        2d6       22%         4
 Summon Hydra             Summ           3%         N/A       100%        7


Dungeon Overview and Level Annotations

Branches:
Dungeon (6/15)             Temple (1/1) D:4

Shops:
D:3 (

Annotations:
D:5 Pikel


Innate Abilities, Weirdness & Mutations

You have an increased reservoir of magic. (+10% MP)
You shall have no god before yourself.
Your divine heritage dramatically boosts your attributes as you level up.


Message History

The jelly barely misses you.
The searing ray hits Pikel.
Pikel is severely wounded.
* * * LOW HITPOINT WARNING * * *
You feel very sick. The water moccasin barely misses you.
Pikel hits you with a +0 whip of freezing.
* * * LOW HITPOINT WARNING * * *
Pikel freezes you.
* * * LOW HITPOINT WARNING * * *
The water moccasin barely misses you. The jelly barely misses you.
* * * LOW HITPOINT WARNING * * *
You feel sick.
The water moccasin bites you but does no damage.
Pikel hits you but does no damage. The jelly closely misses you.
You climb upwards.
* * * LOW HITPOINT WARNING * * *
You feel sick.
An orc comes into view. It is wielding a +0 club.
There is a stone staircase leading down here.
Throw: 2 boomerangs (disperse)
Press: ? - help, Q - select action, (/) - cycle Shift-Dir - straight line, f - Pikel
Aim: Pikel, wielding a +0 whip of freezing and wearing a +1 robe (severely wounded, 47% to hit)
You throw a boomerang of dispersal.
The boomerang of dispersal closely misses Pikel.
The orc shouts!
* * * LOW HITPOINT WARNING * * *
You feel sick. The water moccasin closely misses you. Pikel closely misses you.
The water moccasin misses you.
Throw: boomerang (disperse)
Press: ? - help, Q - select action, (/) - cycle Shift-Dir - straight line, f/p - Pikel
Aim: Pikel, wielding a +0 whip of freezing and wearing a +1 robe (severely wounded, 47% to hit)
You throw a boomerang of dispersal.
The boomerang of dispersal hits Pikel and shatters, but does no damage.
Pikel is severely wounded.
* * * LOW HITPOINT WARNING * * *
You feel sick. The water moccasin closely misses you.
Pikel hits you but does no damage. The water moccasin closely misses you.
Pikel hits you with a +0 whip of freezing!
You die...

#.######.#.##### #.# #.#.#
#.# #.#.# #.# #.#.# #.#
#.#.# #.# #.#.# #.###
#J#.###### #...# #S#......#
###.# #@######.######## #.#
#K# #...........# #.# #.#
#.##.######.#
#####.####.###.##........#
#.........[.##.##..####..##
#.###.####.o........# #....
#.# #.#.............# #....
#.# #.#.##........#.# #....
#.# #..#.#..##.####.# #..#.


You could see Pikel, a water moccasin, a jelly and an orc.

Vanquished Creatures
  A lemure (D:5)
  2 scorpions
  A jelly (D:5)
  2 orc priests (D:5)
  2 iguanas (D:5)
  A sleepcap (D:4)
  6 orc wizards
  6 gnolls
  8 adders
  3 worms (D:2)
  12 orcs
  5 ball pythons
  6 bats
  An endoplasm (D:4)
  3 giant cockroaches
  5 goblins
  3 hobgoblins (D:1)
  11 jackals
  4 kobolds
  3 quokkas
  2 frilled lizards
  3 rats
90 creatures vanquished.

Vanquished Creatures (others)
  An orc (D:3)
  A ball python (D:3)
  A jackal (D:3)
3 creatures vanquished.

Grand Total: 93 creatures vanquished

Notes
Turn   | Place    | Note
-------+----------+-------------------------------------------
     0 | D:1      | Maxis911 the Demigod Conjurer began the quest for the Orb.
     0 | D:1      | Reached XP level 1. HP: 14/14 MP: 5/5
   611 | D:1      | Reached skill level 4 in Conjurations
   611 | D:1      | Reached XP level 2. HP: 20/20 MP: 2/7
  1899 | D:2      | Reached XP level 3. HP: 26/26 MP: 6/8
  2679 | D:3      | Reached XP level 4. HP: 33/33 MP: 6/10
  3215 | D:3      | Found Daloykun's Weapon Shop.
  3524 | D:4      | Found a staircase to the Ecumenical Temple.
  3531 | Temple   | Entered the Ecumenical Temple
  3620 | Temple   | Learned a level 2 spell: Searing Ray
  3624 | Temple   | Reached skill level 5 in Conjurations
  3624 | Temple   | Reached XP level 5. HP: 37/38 MP: 5/12
  4319 | D:4      | Identified the +6 sling "Fasoles" {speed, Str+3 Stlth+}
  4576 | D:5      | Entered Level 5 of the Dungeon
  4612 | D:5      | Reached XP level 6. HP: 45/45 MP: 9/14
  5535 | D:5      | Noticed Pikel
  5603 | D:5      | Reached XP level 7. HP: 50/50 MP: 12/16
  6115 | D:5      | HP: 1/50 [poisoned by a water moccasin]
  6116 | D:5      | Mangled by Pikel

Illustrated notes

Levels and vault maps discovered:
D:1:      elethiomel_arrival_infinity_welcomes_careful_drivers,
          layout_loops_corners, nicolae_ecumenical_lake_church, hex_medium,
          dk_noncrumbling_2
D:2:      layout_loops_ring
D:3:      layout_rooms, nicolae_hepliaklqana_ecumenical_no_more,
          lemuel_round_altar, nicolae_overflow_squiral, elyvilon_altar_4,
          serial_shops, shop
D:4:      layout_basic, mainiacjoe_overflow_cross_hatched, slow_altar_2,
          minmay_temple_entry_mini_moons, guppyfry_early_lair_pool
D:5:      layout_loops_ring, general_overflow_altar, uniq_pikel
D:6:      layout_cave_pools, nicolae_tso_swordbearing_angel, st_stairs_11,
          chequers_serial_rivers_micro_b
Temple:   nicolae_temple_ecumenical_triangle

Skill      XL: |  1  2  3  4  5  6 |
---------------+-------------------+-----
Conjurations   | 4 5 |  5.8
Dodging        | 2 |  2.6
Stealth        | 2 3 |  3.3
Spellcasting   | 2 3 4 |  4.4

Action                     |  1- 3 |  4- 6 |  7- 9 || total
---------------------------+-------+-------+-------++-------
  Melee: Unarmed           |    19 |       |       ||    19
  Throw: Dart              |       |       |     3 ||     3
         Boomerang         |       |       |     2 ||     2
   Cast: Magic Dart        |   108 |    92 |     9 ||   209
         Searing Ray       |       |    17 |     7 ||    24
    Use: Scroll            |     1 |     4 |     2 ||     7
 Armour: Robe              |     2 |     2 |     4 ||     8
  Dodge: Dodged            |    24 |    32 |    22 ||    78

Table legend: (Time is in decaauts)
 A = Elapsed time spent in this place.
 B = Non-inter-level travel time spent in this place.
 C = Inter-level travel time spent in this place.
 D = Time resting spent in this place.
 E = Time spent auto-exploring this place.
 F = Levels seen in this place.
 G = Mean time per level.
                   A        B        C        D        E       F      G
               +--------+--------+--------+--------+--------+-----+--------+
         Total |   6120 |   5268 |    852 |      0 |   3404 |   7 |  874.3 |
       Dungeon |   6003 |   5174 |    829 |      0 |   3374 |   6 | 1000.5 |
        Temple |    117 |     94 |     23 |      0 |     30 |   1 |  117.0 |
               +--------+--------+--------+--------+--------+-----+--------+

Top non-repeatable levels by time:
     D:1: 1570 daAuts
     D:5: 1306 daAuts
     D:4: 1209 daAuts
     D:2: 1165 daAuts
     D:3: 741 daAuts
  Temple: 117 daAuts
     D:6: 9 daAuts
